 Dungeon Crawl Stone Soup version 0.22.0-38-g04b72b8c25 (webtiles) character file.

58829 teleborian the Slicer (level 15, -5/105 HPs)
             Began as a Halfling Assassin on Aug 24, 2018.
             Was the Champion of Okawaru.
             Slain by a fire elemental (8 damage)
             ... summoned by a deep elf mage
             ... on level 1 of the Elven Halls on Aug 28, 2018.
             The game lasted 02:23:08 (28141 turns).

teleborian the Slicer (Halfling Assassin)          Turns: 28141, Time: 02:23:10

Health: -5/105     AC: 26    Str: 12      XL:     15   Next: 31%
Magic:  0/19       EV: 16    Int:  7 (9)  God:    Okawaru [******]
Gold:   1113       SH: 12    Dex: 27      Spells: 14/14 levels left

rFire    . . .     SeeInvis +   Y - +4 short sword (drain)
rCold    + . .     Gourm    .   z - +3 buckler of True Grit {rPois Slay+2}
rNeg     . . .     Faith    .   p - +2 shadow dragon scales
rPois    +         Spirit   +   R - +0 helmet
rElec    +         Reflect  .   D - +1 cloak "Axaerghu" {Dex+4}
rCorr    .         Harm     .   l - +0 pair of gloves
MR       +....                  r - +2 pair of boots {Stlth+}
Stlth    +++.......             B - amulet of guardian spirit
HPRegen  0.27/turn              U - ring of Roapt {rElec rC+ Slay+3}
MPRegen  0.16/turn              x - ring of see invisible

@: liquid flames, glowing
A: small, mutation resistance 1
a: Heroism, Finesse, Renounce Religion


You were on level 1 of the Elven Halls.
You worshipped Okawaru.
Okawaru was exalted by your worship.
You were near starving.

You visited 5 branches of the dungeon, and saw 22 of its levels.

You collected 2040 gold pieces.
You spent 927 gold pieces at shops.

Inventory:

Hand Weapons
 d - a +0 rapier of protection
 v - a +3 hunting sling of freezing
 T - a +5 quick blade
 Y - a +4 short sword of draining (weapon)
Missiles
 n - 102 sling bullets (quivered)
Armour
 l - a +0 pair of gloves (worn)
 p - +2 shadow dragon scales (worn)
 r - a +2 pair of boots of stealth (worn)
 w - the +0 ring mail "Emaz Dea" {rPois rF+ Str+4 Int+4}
   (You found it on level 2 of the Lair of Beasts)

   It affects your strength (+4).
   It affects your intelligence (+4).
   It protects you from fire.
   It protects you from poison.
 z - the +3 buckler of True Grit (worn) {rPois Slay+2}
   (You bought it in a shop on level 4 of the Dungeon)

   It affects your accuracy and damage with ranged weapons and melee attacks
   (+2).
   It protects you from poison.
 D - the +1 cloak "Axaerghu" (worn) {Dex+4}
   (Okawaru gifted it to you on level 6 of the Lair of Beasts)

   It affects your dexterity (+4).
 G - a scarf of resistance
 R - a +0 helmet (worn)
Jewellery
 e - an uncursed ring of protection from cold
 f - a +3 ring of slaying
 k - an uncursed ring of protection from fire
 u - a +3 ring of strength
 x - a ring of see invisible (right hand)
 y - a +6 amulet of reflection
 A - an uncursed ring of protection from magic
 B - an amulet of guardian spirit (around neck)
 F - an uncursed ring of protection from cold
 J - an uncursed amulet of the gourmand
 Q - an uncursed ring of resist corrosion
 U - the ring of Roapt (left hand) {rElec rC+ Slay+3}
   (You bought it in a shop on level 2 of the Orcish Mines)

   [ring of protection from cold]

   It affects your accuracy and damage with ranged weapons and melee attacks
   (+3).
   It protects you from cold.
   It insulates you from electricity.
Wands
 m - a wand of iceblast (19)
 I - a wand of acid (10)
 N - a wand of disintegration (14)
 O - a wand of clouds (6)
 S - a wand of polymorph (40)
Scrolls
 a - 5 scrolls of enchant weapon
 h - 10 scrolls of remove curse
 j - 6 scrolls of teleportation
 K - a scroll of fear
 M - 5 scrolls of identify
 P - a scroll of fog
 W - 6 scrolls of amnesia
 X - 3 scrolls of magic mapping
Potions
 b - 2 potions of cancellation {unknown}
 c - 2 potions of haste
 i - a potion of degeneration {unknown}
 o - a potion of lignification
 q - 4 potions of agility
 t - 2 potions of brilliance
 C - 2 potions of magic
 E - a potion of invisibility {unknown}
 H - a potion of berserk rage {unknown}
 L - a potion of mutation {unknown}
 V - 11 potions of curing
 Z - a potion of might
Comestibles
 g - 25 rations


   Skills:
 * Level 10.6 Fighting
 - Level 12.2 Short Blades
 + Level 9.2(9.5) Slings
 - Level 2.1(4.6) Throwing
 + Level 11.8 Armour
 * Level 11.0 Dodging
 * Level 11.2 Stealth
 + Level 10.0 Shields
 + Level 0.3 Unarmed Combat
 + Level 5.5 Invocations


You had 14 spell levels left.
You didn't know any spells.
Your spell library contained the following spells:

 Spells                   Type           Power        Failure   Level  Hunger
 Apportation              Tloc           #.....       100%        1    ##.....
 Infusion                 Chrm           #...         100%        1    ##.....
 Summon Butterflies       Summ           #.......     100%        1    ##.....
 Lesser Beckoning         Tloc           #.........   100%        3    ####...
 Recall                   Summ/Tloc      N/A          100%        3    ####...
 Tukima's Dance           Hex            #.......     100%        3    ####...
 Force Lance              Conj/Tloc      #.......     100%        4    #####..
 Alistair's Intoxication  Tmut/Pois      #.......     100%        5    ######.
 Summon Forest            Summ/Tloc      #.........   100%        5    ######.
 Invisibility             Hex            #.......     100%        6    #######
 Malign Gateway           Summ/Tloc      #.........   100%        7    #######


Dungeon Overview and Level Annotations

Branches:
Dungeon (12/15)            Temple (1/1) D:6            Lair (6/6) D:8
  Swamp (0/4) Lair:3        Slime (0/5) Lair:6          Orc (2/2) D:12
    Elf (1/3) Orc:2
  Snake: Lair:2-4    Spider: Lair:2-4

Altars:
Elyvilon
Fedhas
Gozag
Okawaru
Qazlal
Trog
Uskayaw
Wu Jian
Xom
Yredelemnul
Zin
Beogh

Shops:
D:4 ?*[(%   D:7 (   Orc:2 ([*=

Annotations:
Lair:2 exclusion: oklob plant


Innate Abilities, Weirdness & Mutations

You are small and have problems with some larger weapons.
You are somewhat resistant to further mutation.


Message History

The fire elemental hits you. The fire elemental burns you!
* * * LOW HITPOINT WARNING * * *
The deep elf mage misses you.
The deep elf mage casts a spell.
You block the fire elemental's attack. The fire elemental hits you.
The fire elemental burns you!
* * * LOW HITPOINT WARNING * * *
The deep elf mage casts a spell at you. The sticky flame hits you!
You are covered in liquid flames!
The deep elf mage hits you but does no damage.
You block the fire elemental's attack. The fire elemental misses you. x2
There is a staircase back to the Mines here.
You are covered in liquid flames!
* * * LOW HITPOINT WARNING * * *
You block the fire elemental's attack.
The deep elf mage hits you with a long sword of freezing.
* * * LOW HITPOINT WARNING * * *
The fire elemental hits you. The fire elemental burns you!
You die...

#.....# ..# #.....#
..# #..⌠..# ..#
#.....# ..#
##.....## ..#
########'########..#
.....#.§...#.......#
.....#..Ee.#..)....#
..⌠.(+*eE@.'.)⌠....#
....E#§EEEe#.....§.#
....(#.§§e.#.......#
########'########..#
##.....## ..#
#.....# ..# #..⌠..#
..# #.....# ..#
#.....#


You could see a water elemental, 4 deep elf magi, 5 fire elementals, a halberd
of chopping and a battlesphere.

Vanquished Creatures
  Kirke (Lair:4)
  An orc warlord (Orc:2)
  3 dire elephants (Lair:6)
  An ettin (Orc:1)
  4 hydras
  Erolcha (D:10)
  2 two-headed ogres
  An anaconda (Lair:6)
  5 death yaks
  3 orc high priests (Orc:2)
  Urug (D:11)
  2 unseen horrors
  4 orc knights
  3 deep elf magi
  2 ugly things
  A cyclops (D:12)
  4 orc sorcerers (Orc:2)
  8 elephants
  7 spiny frogs
  2 centaur zombies
  A torpor snail (Lair:6)
  Psyche (D:9)
  3 komodo dragons (Lair:2)
  4 trolls
  A polar bear (Lair:4)
  A hornet (D:10)
  9 dream sheep
  8 blink frogs (Lair:4)
  3 hippogriffs
  A wraith (D:11)
  4 hogs (Lair:4)
  44 yaks
  A wyvern (Lair:4)
  4 basilisks
  A steam dragon (D:12)
  9 vampire mosquitoes
  3 wargs
  2 acid dragons
  An insubstantial wisp (Lair:4)
  10 water moccasins
  5 porcupines
  Duvessa (D:4)
  3 ice beasts
  33 orc warriors
  9 black bears
  An eye of draining (D:9)
  8 ogres
  2 phantoms
  6 wolves
  2 necrophages
  2 sky beasts (D:7)
  5 centaurs
  7 crocodiles
  A big kobold (D:11)
  18 bullfrogs
  Dowan (D:4)
  4 scorpions
  2 water moccasin skeletons
  19 killer bees
  5 electric eels
  2 howler monkeys (D:5)
  5 crimson imps
  2 lava snakes (Lair:5)
  6 hounds
  A quasit (D:10)
  3 bullfrog zombies
  2 bullfrog skeletons
  6 jellies
  31 orc priests
  24 orc wizards
  2 centaur skeletons
  An iguana (D:9)
  10 worker ants
  A killer bee zombie (D:7)
  3 hound skeletons
  3 worker ant zombies
  2 howler monkey zombies
  8 gnolls
  8 adders
  A shadow imp (D:7)
  An adder zombie (D:10)
  4 oozes
  3 worms
  3 dart slugs
  7 leopard geckos
  103 orcs
  2 ball pythons
  11 bats
  7 giant cockroaches
  9 goblins
  14 hobgoblins
  17 jackals
  4 quokkas
  A ball python skeleton (D:5)
  A ball python zombie (D:6)
  4 frilled lizards
  16 kobolds
  A leopard gecko zombie (D:8)
  13 rats
  A fungus (Lair:4)
  7 plants (Lair:6)
651 creatures vanquished.

Vanquished Creatures (others)
  31 fungi
  10 plants
41 creatures vanquished.

Grand Total: 692 creatures vanquished

Notes
Turn   | Place    | Note
-------+----------+-------------------------------------------
     0 | D:1      | teleborian the Halfling Assassin began the quest for the Orb.
     0 | D:1      | Reached XP level 1. HP: 14/14 MP: 1/1
   360 | D:1      | Reached XP level 2. HP: 18/19 MP: 2/2
   635 | D:1      | Reached skill level 3 in Short Blades
   685 | D:1      | Reached skill level 5 in Stealth
   731 | D:1      | You fall through a shaft!
   759 | D:2      | Reached XP level 3. HP: 20/24 MP: 3/3
  1918 | D:2      | Reached XP level 4. HP: 29/29 MP: 4/4
  2820 | D:3      | Reached XP level 5. HP: 18/35 MP: 5/5
  2825 | D:3      | Reached skill level 4 in Short Blades
  3231 | D:3      | Reached skill level 1 in Armour
  3295 | D:3      | Reached skill level 1 in Slings
  3317 | D:3      | Reached XP level 6. HP: 8/41 MP: 6/6
  4682 | D:4      | Found an opulent altar of Gozag.
  4695 | D:4      | Found Zeshoodgh's Antique Armour Boutique.
  4739 | D:4      | Found Liewnem's Assorted Antiques.
  4754 | D:4      | Bought a scroll labeled BINUG OSYGOA for 25 gold pieces
  4832 | D:4      | Found a glowing silver altar of Zin.
  4991 | D:4      | Noticed Duvessa
  4992 | D:4      | Noticed Dowan
  5067 | D:4      | Killed Duvessa
  5067 | D:4      | Reached XP level 7. HP: 22/46 MP: 7/7
  5094 | D:4      | Killed Dowan
  5262 | D:4      | Found Zaxzugg's Weapon Emporium.
  5686 | D:4      | Found Noutoteg's Magic Scroll Shop.
  5765 | D:4      | Bought an ichor-stained buckler for 218 gold pieces
  5770 | D:4      | Identified the +3 buckler of True Grit {rPois Slay+2} (You bought it in a shop on level 4 of the Dungeon)
  5822 | D:4      | Found Qevom's Food Emporium.
  5999 | D:5      | Entered Level 5 of the Dungeon
  6097 | D:5      | Reached skill level 5 in Short Blades
  6202 | D:5      | Reached XP level 8. HP: 45/52 MP: 8/8
  6365 | D:5      | Reached skill level 1 in Shields
  6646 | D:5      | Noticed a moth of wrath
  6649 | D:5      | Found a bloodstained altar of Trog.
  7535 | D:6      | Found a staircase to the Ecumenical Temple.
  7541 | Temple   | Entered the Ecumenical Temple
  7581 | Temple   | Became a worshipper of Warmaster Okawaru
  7901 | D:6      | Found a shimmering altar of Xom.
  8062 | D:6      | Reached skill level 5 in Armour
  8382 | D:7      | Reached XP level 9. HP: 58/58 MP: 9/9
  8419 | D:7      | Reached skill level 6 in Short Blades
  8511 | D:7      | Reached * piety under Okawaru
  8575 | D:7      | Found Imotaste's Weapon Shoppe.
  8739 | D:7      | Reached skill level 5 in Dodging
  9604 | D:8      | Reached skill level 7 in Short Blades
  9735 | D:8      | Reached ** piety under Okawaru
  9762 | D:8      | Upgraded the game from 0.22.0-35-ge4bf2f5f59 to 0.22.0-36-g8e74550d25
  9803 | D:8      | Reached XP level 10. HP: 25/65 MP: 8/10
 10087 | D:8      | Noticed a two-headed ogre
 10094 | D:8      | Killed a two-headed ogre
 10094 | D:8      | Reached *** piety under Okawaru
 10094 | D:8      | Reached skill level 5 in Fighting
 10543 | D:8      | Found a staircase to the Lair.
 10657 | D:8      | Found a stormy altar of Qazlal.
 10752 | Lair:1   | Entered Level 1 of the Lair of Beasts
 11411 | Lair:1   | Noticed a spiny frog
 11430 | Lair:1   | Killed a spiny frog
 11430 | Lair:1   | Reached **** piety under Okawaru
 11430 | Lair:1   | Reached skill level 8 in Short Blades
 11663 | Lair:1   | Noticed a spiny frog
 11665 | Lair:1   | Killed a spiny frog
 11986 | Lair:2   | Noticed a komodo dragon
 12031 | Lair:2   | Killed a komodo dragon
 12031 | Lair:2   | Reached XP level 11. HP: 20/72 MP: 3/11
 12290 | Lair:2   | Got a jewelled ring mail
 12291 | Lair:2   | Identified the +0 ring mail "Emaz Dea" {rPois rF+ Str+4 Int+4} (You found it on level 2 of the Lair of Beasts)
 12557 | Lair:2   | Noticed an oklob plant
 13157 | Lair:1   | Reached skill level 5 in Slings
 13157 | Lair:1   | Reached skill level 5 in Shields
 13699 | Lair:3   | Noticed a four-headed hydra
 13733 | Lair:3   | Killed a four-headed hydra
 13733 | Lair:3   | Reached ***** piety under Okawaru
 13733 | Lair:3   | Received a gift from Okawaru
 13799 | Lair:3   | Reached skill level 9 in Short Blades
 14171 | Lair:3   | Found a staircase to the Swamp.
 14500 | Lair:4   | Reached skill level 1 in Invocations
 14759 | Lair:4   | Received a gift from Okawaru
 14759 | Lair:4   | Reached XP level 12. HP: 53/81 MP: 9/13
 14761 | Lair:4   | Upgraded the game from 0.22.0-36-g8e74550d25 to 0.22.0-38-g04b72b8c25
 14878 | Lair:4   | Received a gift from Okawaru
 14919 | Lair:4   | Reached skill level 10 in Armour
 15147 | Lair:4   | Noticed a five-headed hydra
 15163 | Lair:4   | Killed a five-headed hydra
 15379 | Lair:4   | Received a gift from Okawaru
 15395 | Lair:4   | Got a wizard robe {god gift}
 15411 | Lair:4   | Identified the +2 robe of Aschon {SInv} (Okawaru gifted it to you on level 4 of the Lair of Beasts)
 15806 | Lair:5   | Noticed a six-headed hydra
 15997 | Lair:5   | Noticed Kirke
 16369 | Lair:5   | Noticed a death yak
 16369 | Lair:5   | Noticed a death yak
 16582 | Lair:4   | Killed Kirke
 16582 | Lair:4   | Reached skill level 10 in Short Blades
 16609 | Lair:5   | Noticed a death yak
 16610 | Lair:5   | Noticed a death yak
 16637 | Lair:4   | Killed a death yak
 16642 | Lair:4   | Reached XP level 13. HP: 32/89 MP: 6/16
 16980 | Lair:4   | Reached ****** piety under Okawaru
 17524 | Lair:5   | Killed a six-headed hydra
 17524 | Lair:5   | Received a gift from Okawaru
 17806 | Lair:6   | Entered Level 6 of the Lair of Beasts
 17864 | Lair:6   | Found a staircase to the Slime Pits.
 18033 | Lair:6   | Reached skill level 5 in Invocations
 18070 | Lair:6   | Received a gift from Okawaru
 18092 | Lair:6   | Got an ancient cloak {god gift}
 18103 | Lair:6   | Identified the +1 cloak "Axaerghu" {Dex+4} (Okawaru gifted it to you on level 6 of the Lair of Beasts)
 18434 | Lair:6   | Noticed a six-headed hydra
 18444 | Lair:6   | Killed a six-headed hydra
 18493 | Lair:6   | HP: 4/90 [yak (21)]
 18935 | Lair:6   | Reached skill level 11 in Short Blades
 19896 | Lair:6   | Noticed an anaconda
 19915 | Lair:6   | Killed an anaconda
 19998 | Lair:6   | Noticed a dire elephant
 19998 | Lair:6   | Noticed a dire elephant
 20055 | Lair:6   | Killed a dire elephant
 20071 | Lair:6   | Killed a dire elephant
 20071 | Lair:6   | Reached XP level 14. HP: 55/97 MP: 4/18
 20350 | Lair:6   | Noticed a dire elephant
 20387 | Lair:6   | Killed a dire elephant
 21002 | D:9      | Received a gift from Okawaru
 21059 | D:9      | Noticed Psyche
 21063 | D:9      | Killed Psyche
 21063 | D:9      | Reached skill level 10 in Dodging
 21678 | D:10     | Entered Level 10 of the Dungeon
 21922 | D:10     | Found a blossoming altar of Fedhas.
 22583 | D:10     | Got a warped chain mail
 22594 | D:10     | Identified the +1 chain mail of Kaerinit {Int+7 Dex+6 Stlth-} (You found it on level 10 of the Dungeon)
 22632 | D:10     | Noticed Erolcha
 22644 | D:10     | Killed Erolcha
 22644 | D:10     | Reached skill level 10 in Stealth
 22917 | D:11     | Received a gift from Okawaru
 23218 | D:11     | Found a basalt altar of Yredelemnul.
 23240 | D:11     | Identified the Handbook of Quantum Enhancements
 23443 | D:11     | Noticed Urug
 23470 | D:11     | Killed Urug
 23721 | D:11     | Reached skill level 12 in Short Blades
 23962 | D:12     | Reached skill level 10 in Fighting
 24180 | D:12     | Found a staircase to the Orcish Mines.
 24210 | D:12     | Found a roughly hewn altar of Beogh.
 24609 | Orc:1    | Entered Level 1 of the Orcish Mines
 25238 | Orc:2    | Entered Level 2 of the Orcish Mines
 25539 | Orc:1    | Received a gift from Okawaru
 26212 | Orc:2    | Reached XP level 15. HP: 69/103 MP: 15/19
 26518 | Orc:2    | Found a staircase to the Elven Halls.
 26665 | Orc:2    | Noticed an orc warlord
 26892 | Orc:2    | Killed an orc warlord
 27424 | Orc:2    | Found Sugur's Antique Armour Emporium.
 27435 | Orc:2    | Found Cecver's General Store.
 27460 | Orc:2    | Reached skill level 10 in Shields
 27500 | Orc:2    | Found Zoyxia's Jewellery Shoppe.
 27503 | Orc:2    | Found Jyaxzac's Antique Weapon Emporium.
 27527 | Orc:2    | Bought a potion of heal wounds for 65 gold pieces
 27974 | Orc:2    | Bought the ring of Roapt {rElec rC+ Slay+3} for 619 gold pieces
 28052 | Elf:1    | Entered Level 1 of the Elven Halls
 28141 | Elf:1    | HP: 3/105 [deep elf mage/long sword of freezing (4)]
 28141 | Elf:1    | Slain by a fire elemental

Skill      XL: |  1  2  3  4  5  6  7  8  9 10 11 12 13 14 15 |
---------------+----------------------------------------------+-----
Short Blades   | 3 4 5 7 8 9 10 11 12 | 12.2
Stealth        | 5 6 7 8 9 10 11 | 11.2
Fighting       | 2 3 4 6 7 8 9 10 | 10.6
Dodging        | 2 3 4 5 6 7 8 9 10 11 | 11.0
Armour         | 1 2 4 5 6 8 9 10 11 | 11.8
Slings         | 1 2 3 4 5 7 8 9 |  9.2
Shields        | 2 3 4 5 6 7 9 10 | 10.0
Invocations    | 2 4 5 |  5.5
Throwing       | |  2.1
Unarmed Combat | |  0.3

Action                   |  1- 3 |  4- 6 |  7- 9 | 10-12 | 13-15 || total
-------------------------+-------+-------+-------+-------+-------++-------
Melee: Dagger            |   160 |   410 |   729 |   273 |       ||  1572
       Short sword       |       |       |       |   365 |  1540 ||  1905
       Unarmed           |       |       |       |     3 |       ||     3
       Rapier            |       |       |       |       |    18 ||    18
       Quick blade       |       |       |       |       |   265 ||   265
 Fire: Hunting sling     |     1 |    24 |    39 |    84 |   121 ||   269
       Blowgun           |       |     6 |     1 |       |       ||     7
Invok: Heroism           |       |       |     1 |     3 |     3 ||     7
       Finesse           |       |       |       |       |     1 ||     1
Evoke: Wand              |       |       |     1 |       |       ||     1
  Use: Scroll            |     5 |     6 |     9 |    14 |     5 ||    39
       Potion            |       |     1 |       |       |     8 ||     9
 Stab: Sleeping          |     5 |     8 |    24 |     7 |    37 ||    81
       Distracted        |       |       |       |       |     3 ||     3
  Eat: Chunk             |     3 |    10 |    15 |    18 |    29 ||    75
       Ration            |       |       |       |     1 |     2 ||     3
Armor: Robe              |    39 |    33 |       |       |       ||    72
       Shadow dragon sca |       |    54 |   147 |   211 |   454 ||   866
Dodge: Dodged            |   114 |   198 |   128 |   234 |   721 ||  1395
Block: Other             |       |    19 |    13 |       |       ||    32
       Buckler           |       |       |   190 |   253 |   827 ||  1270
       Reflection        |       |       |     2 |       |       ||     2
